 Dungeon Crawl Stone Soup version 0.30-a0-377-g5cb311bc9f (webtiles) character file.

Game seed: 4272981252417155628

9 innerfire433 the Sneak (level 2, -3/24 HPs)
             Began as a Demonspawn Delver on Nov 27, 2022.
             Slain by an iguana (6 damage)
             ... on level 5 of the Dungeon.
             The game lasted 00:00:10 (28 turns).

innerfire433 the Sneak (Demonspawn Delver)            Turns: 28, Time: 00:00:11

Health: -3/24      AC:  3    Str: 12    XL:     2   Next: 3%
Magic:  2/2        EV: 12    Int: 11    God:
Gold:   0          SH:  0    Dex: 14    Spells: 1/1 levels left

rFire   . . .      SeeInvis .    a - +0 hand axe
rCold   . . .      Faith    .    (no shield)
rNeg    . . .      Spirit   .    b - +0 leather armour
rPois   .          Reflect  .    (no helmet)
rElec   .          Harm     .    (no cloak)
rCorr   .          Rampage  .    (no gloves)
Will    .....                    (no boots)
Stlth   +++.......               (no amulet)
HPRegen 0.24/turn                (no ring)
MPRegen 0.08/turn                (no ring)

@: hasted, very quick
A: weakness stinger 1
a: no special abilities


You were on level 5 of the Dungeon.
You visited 1 branch of the dungeon, and saw 1 of its levels.

Inventory:

Hand Weapons
 a - a +0 hand axe (weapon)
Armour
 b - a +0 leather armour (worn)
Wands
 g - a wand of digging (3)
Scrolls
 c - a scroll of fog
 d - 2 scrolls of magic mapping
 e - a scroll of fear
 h - a scroll of blinking {unknown}


   Skills:
 + Level 3.1 Fighting
 + Level 2.0 Axes
 + Level 2.0 Dodging
 - Level 4.6 Stealth


You had one spell level left.
You didn't know any spells.
Your spell library was empty.

Dungeon Overview and Level Annotations

Branches:
Dungeon (5/15)
 Temple: D:4-7

Altars:


Innate Abilities, Weirdness & Mutations

You have a small tail.


Message History

Found five items.
Found a stone staircase leading down.
d - 2 scrolls of magic mapping (gained 1)
h - a scroll labelled NOSOYS BYIBAO An adder comes into view.
An adder is nearby!
Found a tapered fluorescent wand.
The adder hisses angrily.
You hit the adder.
The adder is heavily wounded.
The adder barely misses you. x2
You slash the adder!
You kill the adder!
An adder comes into view.
Your Axes skill increases to level 2!
Your Dodging skill increases to level 2!
You have reached level 2!
You feel monstrous as your demonic heritage exerts itself.
Your demonic ancestry asserts itself...
You grow a small tail.
An adder is nearby!
Found a steaming copper ring.
An iguana comes into view.
The adder hisses angrily.
The adder bites you.
You closely miss the adder.
Your tail-slap misses the adder.
The adder closely misses you. The adder bites you but does no damage.
You barely miss the adder. The adder bites you but does no damage.
You barely miss the iguana.
You tail-slap the iguana, but do no damage.
You hit the adder. The adder bites you. The iguana bites you.
The adder misses you. The iguana bites you!
* * * LOW HITPOINT WARNING * * *
You are too injured to fight recklessly!
You are too injured to fight recklessly!
You are too injured to fight recklessly!
You are too injured to fight recklessly!
You feel yourself speed up. The adder bites you.
* * * LOW HITPOINT WARNING * * *
The iguana bites you.
You die...

.....##......>.....##
....##..###.......#
........#.#..........
#
.#.##.#..........####
##.## #....^.........#
......#.#.......)...##
......#.##..........#
.....................
.......@=.......##
....##lS........# #..
#........#.## ..
........./..# .
.............
...............
...............
.#.............


You could see an iguana and an adder.

Vanquished Creatures
  An adder (D:5)
1 creature vanquished.

Notes
Turn   | Place    | Note
-------+----------+-------------------------------------------
     0 | D:5      | innerfire433 the Demonspawn Delver began the quest for the
                  | Orb.
     0 | D:5      | Reached XP level 1. HP: 18/18 MP: 1/1
    21 | D:5      | Discovered your monstrous ancestry.
    21 | D:5      | Gained mutation: You have a small tail. [demonic ancestry]
    21 | D:5      | Reached XP level 2. HP: 24/24 MP: 2/2
    28 | D:5      | Slain by an iguana

Illustrated notes

Levels and vault maps discovered:
D:5:      layout_cave_pools, uniq_crazy_yiuf_cottage, uniq_grinder

Skill      XL: |  1 |
---------------+----+-----
Axes           | 2 |  2.0
Dodging        | 2 |  2.0
Fighting       | |  3.1
Stealth        | |  4.6

Action                   || total
-------------------------++-------
Melee: Hand axe          ||     5
       Tailslap          ||     1
  Use: Potion            ||     1
Armor: Leather armour    ||     2
Dodge: Dodged            ||     4

Table legend: (Time is in decaauts)
 A = Elapsed time spent in this place.
 B = Non-inter-level travel time spent in this place.
 C = Inter-level travel time spent in this place.
 D = Time resting spent in this place.
 E = Time spent auto-exploring this place.
 F = Levels seen in this place.
 G = Mean time per level.
                   A        B        C        D        E       F      G
               +--------+--------+--------+--------+--------+-----+--------+
         Total |     29 |     29 |      0 |      0 |     15 |   1 |   29.0 |
       Dungeon |     29 |     29 |      0 |      0 |     15 |   1 |   29.0 |
               +--------+--------+--------+--------+--------+-----+--------+

Top non-repeatable levels by time:
     D:5: 29 daAuts
